Map: Central Protocol

Players

안빈낙도

  • Race: Terran Terran
  • League: Master

Blade - Winner!

  • Race: Zerg Zerg
  • League: Diamond

VOD

Have the link to the VOD?

Description

Time

  • Played on: Nov. 20, 2015, 11:21 p.m.
  • Length: 14:33
Show
View Real Time Build Order
Export as new Build Order

안빈낙도 Terran 

Build Orders: Reaper Expand, MMM Bio 

Get SALT Encoding   

  12  0:00  SCV  
  13  0:13  SCV  
  14  0:17  Supply Depot  
  14  0:25  SCV  
  15  0:40  Barracks  
  15  0:42  SCV  
  16  0:45  Refinery  
  16  0:54  SCV  
  17  1:06  SCV  
  19  1:18  SCV  
  19  1:29  Reaper  
  19  1:30  Orbital Command  
  20  1:44  Command Center  
  20  1:55  Supply Depot  
  20  1:56  SCV  
  21  2:01  Barracks Reactor  
  21  2:08  SCV  
  22  2:16  Barracks  
  22  2:20  SCV  
  23  2:24  Barracks  
  23  2:33  SCV  
  24  2:37  Marine x2  
  24  2:43  Engineering Bay  
  26  2:46  SCV  
  26  2:47  Refinery  
  27  2:56  Orbital Command  
  26  2:59  Marine x2  
  26  3:04  SCV  
  29  3:08  Barracks Tech Lab  
  29  3:11  Terran Infantry Weapons Level 1  
  29  3:13  Marine  
  29  3:17  Marine x2  
  32  3:23  SCV x2  
  34  3:29  Stimpack  
  34  3:37  Marine x2  
  34  3:43  SCV x2  
  36  3:49  Factory  
  36  3:54  Marine x2  
  38  3:57  SCV  
  38  4:00  SCV  
  40  4:10  Supply Depot  
  40  4:11  SCV  
  40  4:12  SCV  
  40  4:15  Marine  
  43  4:17  Marine  
  43  4:24  SCV, Supply Depot  
  45  4:26  SCV  
  46  4:34  Starport, Factory Reactor  
  46  4:37  Barracks Reactor  
  46  4:42  Marine  
  46  4:43  Marauder, Marine  
  50  4:45  SCV  
  50  4:46  Refinery  
  50  4:47  SCV  
  50  4:50  Supply Depot  
  52  4:58  SCV  
  52  4:59  SCV  
  54  5:05  Refinery  
  54  5:06  Terran Infantry Armor Level 1  
  54  5:10  SCV  
  54  5:11  SCV  
  56  5:18  Factory Reactor, Marine x2  
  56  5:20  Medivac x2  
  56  5:21  Marine, Marauder  
  64  5:22  SCV  
  64  5:23  SCV, Marine  
  68  5:32  Supply Depot  
  68  5:34  SCV, Supply Depot  
  68  5:35  SCV  
  70  5:41  Combat Shields  
  70  5:43  Liberator x2  
  70  5:53  Marine x3  
  70  5:54  SCV x2, Marauder  
  83  6:04  Widow Mine  
  83  6:06  Marine  
  86  6:14  Supply Depot  
  86  6:16  Supply Depot  
  86  6:21  Supply Depot  
  86  6:28  Liberator  
  86  6:35  Widow Mine  
  86  6:36  SCV x2, Marine x4  
  86  6:38  Marauder  
  96  6:46  Medivac  
  101  6:53  SCV x2, Marine x2  
  105  6:55  Supply Depot  
  105  6:59  Marauder  
  95  7:13  Marine x2  
  95  7:17  Marine x2  
  95  7:20  Command Center, Marauder  
  99  7:23  Barracks x2  
  99  7:30  SCV x2  
  101  7:37  Medivac x2, Widow Mine, Marine  
  101  7:42  SCV x2, Marauder  
  109  7:46  Marine  
  110  7:51  Armory  
  110  7:52  Engineering Bay  
  110  7:59  Supply Depot  
  110  8:00  Supply Depot  
  110  8:03  Marauder  
  112  8:13  Marine x2, Widow Mine x2  
  112  8:14  Barracks Reactor x2  
  118  8:20  Medivac x2  
  118  8:21  SCV  
  118  8:24  Marauder  
  125  8:40  Marine x2  
  125  8:41  Marine x2  
  129  8:44  Widow Mine x2  
  129  8:46  Marauder  
  135  8:54  Marine  
  136  8:57  Terran Infantry Weapons Level 2, Terran Infantry Armor Level 2  
  136  8:59  Supply Depot  
  136  9:00  SCV x2, Barracks  
  136  9:01  Barracks  
  138  9:07  Marauder  
  138  9:08  Marine x4  
  138  9:09  Marine  
  145  9:12  SCV, Widow Mine  
  148  9:20  Marine  
  149  9:27  Marine x7  
  156  9:38  Marine  
  156  9:43  Marauder  
  156  9:45  Marine  
  157  9:49  Marine  
  157  9:50  Marine  
  157  9:52  Marine x2  
  146  10:03  Liberator x2  
  146  10:04  Marauder  
  130  10:09  Marine x3  
  130  10:11  Barracks Tech Lab  
  130  10:12  Barracks Tech Lab  
  123  10:15  Factory  
  127  10:22  Factory Tech Lab  
  127  10:25  Marauder  
  127  10:27  Planetary Fortress  
  129  10:29  SCV x2  
  129  10:34  Marauder, Marine x2  
  126  10:41  SCV  
  126  10:42  Marauder, Marine  
  128  10:44  Terran Ship Weapons Level 1  
  128  10:47  Marauder  
  128  10:48  Liberator  
  126  10:52  SCV, Missile Turret  
  126  10:54  SCV  
  126  10:55  Missile Turret  
  126  10:56  Marauder  
  126  10:57  Liberator  
  130  10:59  Marine  
  130  11:00  Marine  
  130  11:03  Factory Tech Lab  
  130  11:04  SCV, Siege Tank, Marauder  
  135  11:08  Marauder  
  146  11:22  Siege Tank  
  149  11:29  Supply Depot  
  149  11:31  Supply Depot  
  149  11:37  Marine  
  149  11:38  Siege Tank, Marauder x2  
  149  11:58  Marauder, Marine  
  149  11:59  Marauder  
  145  12:02  Marauder, Marine x4  
  140  12:08  Liberator  
  140  12:09  Liberator  
  140  12:11  Marine  
  132  12:16  Marine  
  132  12:17  SCV x2  
  132  12:19  Refinery, Marine x3  
  132  12:20  Refinery  
  138  12:23  Marine x2  
  138  12:24  Marauder x2  
  138  12:25  Siege Tank x2  
  138  12:29  Marine  
  154  12:34  Marine  
  154  12:38  Marauder, Marine x2  
  154  12:41  Marine  
  159  12:45  Marauder  
  144  13:06  Siege Tank  
  144  13:07  Marauder, Siege Tank, Marine x2  
  144  13:08  Medivac  
  144  13:09  Medivac  
  158  13:13  Command Center  
  158  13:16  Refinery  
  158  13:38  Medivac  
  158  13:39  Medivac  
  162  13:51  Marine x2  
  162  13:52  Marauder x3, Marine x3  
  173  14:02  Marine  
  173  14:07  Command Center  
  158  14:11  Marine x3  
  158  14:12  Marine  
Show
View Real Time Build Order
Export as new Build Order

Blade Zerg - Winner!

Build Orders: Hatch First, Lurkers 

Get SALT Encoding   

  12  0:01  Drone  
  13  0:13  Overlord  
  13  0:18  Drone  
  14  0:31  Drone x2  
  14  0:35  Drone  
  17  0:58  Drone  
  17  0:59  Hatchery  
  17  1:06  Drone  
  17  1:09  Drone, Extractor  
  18  1:22  Spawning Pool  
  17  1:26  Drone  
  18  1:44  Drone  
  18  1:45  Overlord  
  19  2:09  Metabolic Boost, Queen  
  19  2:11  Zergling x2  
  19  2:12  Zergling x4  
  19  2:15  Queen  
  24  2:19  Zergling x2  
  27  2:24  Drone  
  27  2:26  Drone  
  29  2:32  Drone  
  29  2:35  Drone  
  31  2:47  Drone  
  31  2:50  Drone  
  33  2:58  Drone  
  34  3:09  Drone  
  34  3:11  Drone  
  36  3:13  Overlord  
  36  3:16  Overlord  
  36  3:20  Hatchery  
  35  3:30  Queen x2  
  35  3:31  Drone x2  
  40  3:43  Drone x2  
  40  3:44  Drone  
  40  3:47  Roach Warren  
  42  3:55  Extractor  
  41  3:56  Overlord  
  41  3:57  Drone x4  
  45  4:12  Evolution Chamber, Drone x3  
  45  4:13  Evolution Chamber  
  45  4:14  Extractor  
  45  4:17  Zergling x2  
  45  4:18  Zergling x2  
  47  4:26  Overlord  
  47  4:27  Roach  
  47  4:29  Lair  
  49  4:33  Roach  
  49  4:35  Roach  
  53  4:41  Drone x3  
  53  4:45  Zerg Melee Weapons Level 1  
  56  4:52  Drone x2  
  58  4:53  Drone x2  
  60  5:00  Zerg Ground Armor Level 1  
  60  5:07  Drone x3  
  60  5:09  Overlord  
  63  5:15  Baneling Nest, Extractor  
  63  5:16  Zergling x2  
  62  5:22  Zergling x6  
  62  5:25  Zergling x2  
  66  5:29  Overlord  
  66  5:30  Pneumatized Carapace  
  66  5:39  Drone x2  
  66  5:41  Spire  
  66  5:42  Zergling x4  
  69  5:46  Drone  
  69  5:47  Drone  
  71  5:52  Drone  
  71  5:53  Drone x2  
  74  5:57  Overlord  
  74  5:59  Overlord  
  74  6:03  Centrifical Hooks  
  74  6:06  Drone  
  74  6:07  Zergling x2  
  74  6:08  Extractor  
  74  6:09  Zergling x2  
  77  6:11  Zergling x2  
  77  6:15  Zergling x4  
  79  6:19  Baneling x6  
  79  6:21  Zergling x2  
  79  6:23  Zergling x2  
  79  6:24  Zergling x2  
  82  6:27  Zergling x2  
  83  6:35  Zergling x6  
  83  6:36  Zergling x4  
  83  6:39  Zergling x4  
  90  6:40  Zergling x2  
  90  6:45  Zergling x2  
  90  6:46  Hydralisk Den  
  91  6:51  Baneling  
  91  6:52  Baneling x3  
  91  6:54  Zergling x4  
  92  7:06  Corruptor  
  92  7:07  Corruptor  
  92  7:08  Corruptor  
  95  7:10  Overlord x2  
  97  7:24  Extractor  
  97  7:28  Queen  
  98  7:30  Corruptor  
  98  7:31  Corruptor x2  
  104  7:42  Corruptor  
  105  7:48  Drone x3  
  105  7:49  Drone  
  105  7:50  Drone  
  105  7:51  Drone x2  
  112  7:58  Lurker Den  
  112  8:00  Zerg Melee Weapons Level 2  
  112  8:07  Drone  
  113  8:13  Overlord x3  
  113  8:17  Spine Crawler  
  113  8:18  Spine Crawler  
  102  8:37  Corruptor  
  102  8:38  Hydralisk  
  102  8:39  Hydralisk x3  
  114  8:42  Overlord  
  115  8:48  Drone x3  
  115  8:49  Drone x2  
  115  8:52  Hydralisk  
  121  8:57  Infestation Pit  
  120  9:05  Zergling x6  
  120  9:07  Overlord x2  
  120  9:09  Drone  
  123  9:10  Drone x4  
  123  9:14  Zergling x6  
  123  9:16  Baneling x3  
  128  9:25  Lurker  
  128  9:26  Lurker x3  
  128  9:29  Zergling x6  
  135  9:34  Hive  
  135  9:36  Lurker  
  130  9:48  Overseer  
  126  9:53  Zergling x4  
  120  10:03  Zergling x10  
  120  10:05  Zergling x12  
  121  10:08  Zergling x8  
  124  10:17  Zergling x2  
  124  10:20  Zergling x2  
  124  10:28  Extractor  
  123  10:31  Drone x2  
  123  10:32  Drone x2  
  126  10:35  Overseer  
  121  10:42  Drone  
  121  10:50  Spine Crawler, Zergling x8  
  121  10:52  Adrenal Glands  
  124  10:57  Ultralisk Cavern  
  124  11:00  Zergling x6  
  126  11:08  Zergling x10  
  126  11:09  Zergling x2  
  132  11:28  Baneling x5  
  132  11:29  Baneling x6  
  132  11:30  Baneling  
  132  11:33  Zergling x8  
  132  11:34  Overlord x3, Zergling x2  
  132  11:35  Hatchery  
  126  12:00  Zergling x6  
  126  12:01  Zergling x2  
  109  12:10  Corruptor  
  109  12:11  Corruptor x3  
  108  12:24  Zergling x6  
  108  12:25  Ultralisk x2  
  108  12:26  Ultralisk, Chitinous Plating  
  129  12:35  Ultralisk  
  129  12:37  Drone x7  
  129  12:38  Drone x4  
  129  12:39  Zergling x6  
  123  12:46  Corruptor  
  123  12:48  Corruptor  
  117  13:08  Hydralisk x2  
  121  13:21  Evolution Chamber, Zergling x6  
  121  13:22  Evolution Chamber  
  122  13:29  Extractor x2  
  122  13:30  Baneling x4  
  122  13:31  Drone x3  
  123  13:48  Ultralisk  
  123  13:49  Ultralisk  
  123  13:50  Baneling x2  
Tags
 
Add a new tag
Caveats
  • Supply blocks, unpowered buildings, or Contaminate may cause inaccurate times.
  • Supply counts are checked every 10 seconds.